3AA
BETHESDA ATOMS @ BILLINGS POLAR BEARS
08/12/2042
 
TOP OF THE 1ST
Bethesda Atoms batting - Pitching for Billings Polar Bears : RHP Juan Ayala
Pitching: RHP Juan Ayala
Batting: RHB Jack Plumb 0-0: Swinging Strike
0-1: Foul Ball, location: 2F
0-2: Ball
1-2: Ball
2-2: Foul Ball, location: 2F
2-2: Ball
3-2: SINGLE (Groundball, 56D, EV 108.1 MPH)
Batting: LHB Vicente Torres 0-0: Ball
1-0: Ball
Wild Pitch!
Jack Plumb to second
2-0: Foul Ball, location: 2F
2-1: Ball
3-1: Called Strike
3-2: Fly out, F7 (Flyball, 78M, EV 98.8 MPH)
Batting: LHB Seung-jae Kyong 0-0: Called Strike
0-1: Foul Ball, location: 2F
0-2: Ball
1-2: Foul Ball, location: 2F
1-2: Foul Ball, location: 2F
1-2: Ball
2-2: Foul Ball, location: 2F
2-2: Ball
3-2: Fly out, F9 (Flyball, 8RS, EV 90.6 MPH)
Batting: LHB Ayub Kuthakwakulu 0-0: Ball
1-0: 2-RUN HOME RUN (Line Drive, 9LD, EV 100.0 MPH), Distance : 354 ft
Batting: LHB Mhelter Narcida 0-0: Swinging Strike
0-1: Ball
1-1: Swinging Strike
1-2: Strikes out looking
Top of the 1st over - 2 runs, 2 hits, 0 errors, 0 left on base; Bethesda 2 - Billings 0
BOTTOM OF THE 1ST
Billings Polar Bears batting - Pitching for Bethesda Atoms : RHP Zhenya Gospodyni
Pitching: RHP Zhenya Gospodyni
Batting: SHB Leonardo Rodríguez 0-0: Fly out, F5 (Popup, 25, EV 86.9 MPH)
Batting: RHB Shalom Gestel 0-0: Fly out, F8 (Flyball, 8LS, EV 94.4 MPH)
Batting: RHB Rupert Bethune 0-0: Fly out, F8 (Flyball, 8LD, EV 92.5 MPH)
Bottom of the 1st over - 0 runs, 0 hits, 0 errors, 0 left on base; Bethesda 2 - Billings 0
TOP OF THE 2ND
Bethesda Atoms batting - Pitching for Billings Polar Bears : RHP Juan Ayala
Batting: RHB Byron Shadix 0-0: Ball
1-0: Called Strike
1-1: Called Strike
1-2: Foul Ball, location: 2F
1-2: Strikes out looking
Batting: RHB Scipione Borghese 0-0: Called Strike
0-1: Fly out, F5 (Popup, 56S, EV 65.6 MPH)
Batting: RHB Anthony McGee 0-0: Swinging Strike
0-1: Ball
1-1: Foul Ball, location: 2F
1-2: Strikes out swinging
Top of the 2nd over - 0 runs, 0 hits, 0 errors, 0 left on base; Bethesda 2 - Billings 0
BOTTOM OF THE 2ND
Billings Polar Bears batting - Pitching for Bethesda Atoms : RHP Zhenya Gospodyni
Batting: LHB Jorge Cruz 0-0: Ball
1-0: SOLO HOME RUN (Flyball, 9D, EV 94.4 MPH), Distance : 362 ft
Batting: RHB Jose Reginalde 0-0: SINGLE (Groundball, 6MD, EV 107.5 MPH)
Batting: RHB Gary Panniers 0-0: Ball
1-0: 2-RUN HOME RUN (Flyball, 9LD, EV 105.0 MPH), Distance : 333 ft
Batting: LHB Stanley Bell 0-0: Called Strike
0-1: SINGLE (Flyball, 89M, EV 93.1 MPH)
Batting: RHB Pleun Vleugel 0-0: Ball
1-0: Foul Ball, location: 2F
1-1: Ball
2-1: DOUBLE (Line Drive, 8LXD, EV 101.9 MPH)
Stanley Bell to third
Batting: RHB Michael Mack 0-0: Called Strike
0-1: Swinging Strike
0-2: Foul Ball, location: 2F
0-2: Ball
1-2: Foul Ball, location: 2F
1-2: Foul Ball, location: 2F
1-2: Foul Ball, location: 2F
1-2: Strikes out swinging
Batting: SHB Leonardo Rodríguez 0-0: Ball
1-0: Ball
2-0: Called Strike
2-1: Foul Ball, location: 2F
2-2: Ball
3-2: Fly out, F9 (Flyball, 89S, EV 80.6 MPH)
Batting: RHB Shalom Gestel 0-0: Ball
1-0: Called Strike
1-1: Called Strike
1-2: Foul Ball, location: 2F
1-2: Foul Ball, location: 2F
1-2: Foul Ball, location: 2F
1-2: Ball
2-2: Ball
3-2: Base on Balls
Batting: RHB Rupert Bethune 0-0: Ball
1-0: DOUBLE (Line Drive, 9LS, EV 111.2 MPH)
Stanley Bell scores
Pleun Vleugel scores
Shalom Gestel to third
Batting: LHB Jorge Cruz 0-0: Called Strike
0-1: Foul Ball, location: 2F
0-2: Foul Ball, location: 2F
0-2: Ball
1-2: Strikes out swinging
Bottom of the 2nd over - 5 runs, 6 hits, 0 errors, 2 left on base; Bethesda 2 - Billings 5
TOP OF THE 3RD
Bethesda Atoms batting - Pitching for Billings Polar Bears : RHP Juan Ayala
Batting: RHB Lachlan Thurgood 0-0: Ball
1-0: Swinging Strike
1-1: Called Strike
1-2: Strikes out swinging
Batting: RHB Jack Plumb 0-0: Called Strike
0-1: Ball
1-1: Ball
2-1: Called Strike
2-2: Fly out, F8 (Flyball, 8RXD, EV 97.5 MPH)
Batting: LHB Vicente Torres 0-0: Fly out, F7 (Line Drive, 7D, EV 89.4 MPH)
Top of the 3rd over - 0 runs, 0 hits, 0 errors, 0 left on base; Bethesda 2 - Billings 5
BOTTOM OF THE 3RD
Billings Polar Bears batting - Pitching for Bethesda Atoms : RHP Zhenya Gospodyni
Batting: RHB Jose Reginalde 0-0: Called Strike
0-1: Hit by Pitch
Batting: RHB Gary Panniers 0-0: Fly out, F7 (Flyball, 78M, EV 90.0 MPH)
Batting: LHB Stanley Bell 0-0: Ball
1-0: Called Strike
1-1: SINGLE (Groundball, 34D, EV 99.4 MPH)
Jose Reginalde to second
Runner from 2nd tries for 3rd, SAFE, no throw by RF
Batting: RHB Pleun Vleugel 0-0: Called Strike
0-1: Swinging Strike
0-2: Ball
1-2: Foul Ball, location: 2F
1-2: Strikes out swinging
Batting: RHB Michael Mack 0-0: Called Strike
0-1: Swinging Strike
0-2: Ball
1-2: Foul Ball, location: 2F
1-2: Ball
2-2: Foul Ball, location: 2F
2-2: Fly out, F9 (Flyball, 89D, EV 90.0 MPH)
Bottom of the 3rd over - 0 runs, 1 hit, 0 errors, 2 left on base; Bethesda 2 - Billings 5
TOP OF THE 4TH
Bethesda Atoms batting - Pitching for Billings Polar Bears : RHP Juan Ayala
Batting: LHB Seung-jae Kyong 0-0: Ground out 1-3 (Groundball, 15S, EV 73.1 MPH)
Batting: LHB Ayub Kuthakwakulu 0-0: Ground out 5-3 (Groundball, 56, EV 86.2 MPH)
Batting: LHB Mhelter Narcida 0-0: Ball
1-0: Ground out 4-3 (Groundball, 4, EV 82.5 MPH)
Top of the 4th over - 0 runs, 0 hits, 0 errors, 0 left on base; Bethesda 2 - Billings 5
BOTTOM OF THE 4TH
Billings Polar Bears batting - Pitching for Bethesda Atoms : RHP Zhenya Gospodyni
Batting: SHB Leonardo Rodríguez 0-0: Swinging Strike
0-1: Ball
1-1: Foul Ball, location: 2F
1-2: Strikes out looking
Pitching: LHP Nicolas Alonso
Batting: RHB Shalom Gestel 0-0: Ball
1-0: Called Strike
1-1: Swinging Strike
1-2: Ball
2-2: Foul Ball, location: 2F
2-2: Ball
3-2: Ground out 4-3 (Groundball, 4, EV 80.6 MPH)
Batting: RHB Rupert Bethune 0-0: Ball
1-0: Ball
2-0: Ball
3-0: Base on Balls
Batting: LHB Jorge Cruz 0-0: Swinging Strike
0-1: Fly out, F8 (Line Drive, 8RM, EV 91.2 MPH)
Bottom of the 4th over - 0 runs, 0 hits, 0 errors, 1 left on base; Bethesda 2 - Billings 5
TOP OF THE 5TH
Bethesda Atoms batting - Pitching for Billings Polar Bears : RHP Juan Ayala
Batting: RHB Byron Shadix 0-0: Fly out, F6 (Popup, 6D, EV 51.9 MPH)
Batting: RHB Scipione Borghese 0-0: Ball
1-0: Ball
2-0: DOUBLE (Flyball, 8RD, EV 95.6 MPH)
Batting: RHB Anthony McGee 0-0: Ball
1-0: Called Strike
1-1: Swinging Strike
1-2: Ball
2-2: Ball
3-2: SINGLE (Groundball, 6, EV 85.0 MPH) (infield hit)
Scipione Borghese to third
Batting: RHB Lachlan Thurgood 0-0: Ball
1-0: Ball
2-0: Foul Ball, location: 2F
2-1: Fly out, F8 (Flyball, 8RD, EV 96.9 MPH)
Runner from 3rd tags up, SCORES, throw by CF
Batting: RHB Jack Plumb 0-0: Called Strike
0-1: Called Strike
0-2: Ball
1-2: Fielders Choice at 2nd, 5-4 (Groundball, 56, EV 88.8 MPH)
Top of the 5th over - 1 run, 2 hits, 0 errors, 1 left on base; Bethesda 3 - Billings 5
BOTTOM OF THE 5TH
Billings Polar Bears batting - Pitching for Bethesda Atoms : LHP Nicolas Alonso
Batting: RHB Jose Reginalde 0-0: Ball
1-0: Foul Ball, location: 2F
1-1: Ball
2-1: Ball
3-1: Foul Ball, location: 2F
3-2: Ground out 4-3 (Groundball, 4, EV 78.1 MPH)
Batting: RHB Gary Panniers 0-0: Ground out 4-3 (Groundball, 4, EV 83.1 MPH)
Batting: LHB Stanley Bell 0-0: SINGLE (Flyball, 78S, EV 93.1 MPH)
Batting: RHB Pleun Vleugel 0-0: Ball
1-0: Foul Ball, location: 2F
1-1: Called Strike
1-2: Fielders Choice at 2nd, 6-4 (Groundball, 6, EV 79.4 MPH)
Bottom of the 5th over - 0 runs, 1 hit, 0 errors, 1 left on base; Bethesda 3 - Billings 5
TOP OF THE 6TH
Bethesda Atoms batting - Pitching for Billings Polar Bears : RHP Juan Ayala
Batting: LHB Vicente Torres 0-0: SOLO HOME RUN (Flyball, 78XD, EV 103.1 MPH), Distance : 428 ft
Batting: LHB Seung-jae Kyong 0-0: Ball
1-0: Ball
2-0: Ball
3-0: Called Strike
3-1: Base on Balls
Batting: LHB Ayub Kuthakwakulu 0-0: Foul Ball, location: 2F
0-1: Ball
1-1: Ball
Wild Pitch!
Seung-jae Kyong to second
2-1: SINGLE (Groundball, 6M, EV 102.5 MPH)
Seung-jae Kyong to third
Pitching: RHP Michael Rice
Batting: LHB Mhelter Narcida 0-0: Ball
1-0: Foul Ball, location: 2F
1-1: Foul Ball, location: 2F
1-2: Ball
2-2: Ball
3-2: Foul Ball, location: 2F
3-2: Base on Balls
Ayub Kuthakwakulu to second
Batting: RHB Byron Shadix 0-0: Called Strike
0-1: Ball
1-1: Ball
2-1: Swinging Strike
2-2: Strikes out looking
Batting: RHB Scipione Borghese 0-0: Fly out, F8 (Flyball, 8RS, EV 78.8 MPH)
Batting: RHB Anthony McGee 0-0: Ball
1-0: Ball
2-0: Called Strike
2-1: Foul Ball, location: 2F
2-2: Ball
3-2: Foul Ball, location: 2F
3-2: Fly out, F7 (Flyball, 78M, EV 82.5 MPH)
Top of the 6th over - 1 run, 2 hits, 0 errors, 3 left on base; Bethesda 4 - Billings 5
BOTTOM OF THE 6TH
Billings Polar Bears batting - Pitching for Bethesda Atoms : LHP Nicolas Alonso
Batting: RHB Michael Mack 0-0: Ground out 6-3 (Groundball, 6M, EV 90.6 MPH)
Batting: SHB Leonardo Rodríguez 0-0: Fly out, F3 (Popup, 3F, EV 76.2 MPH)
Batting: RHB Shalom Gestel 0-0: Foul Ball, location: 2F
0-1: Called Strike
0-2: Foul Ball, location: 2F
0-2: Ball
1-2: Foul Ball, location: 2F
1-2: Ball
2-2: Reached on error, E3 (Groundball, 34, EV 82.5 MPH)
Batting: RHB Rupert Bethune 0-0: Ball
1-0: Ball
Shalom Gestel steals 2nd, throwing error, E2
Shalom Gestel to third
2-0: Called Strike
2-1: DOUBLE (Line Drive, 78XD, EV 105.0 MPH)
Shalom Gestel scores
Batting: LHB Jorge Cruz 0-0: Foul Ball, location: 2F
0-1: Fly out, F3 (Line Drive, 3, EV 66.2 MPH)
Bottom of the 6th over - 1 run, 1 hit, 2 errors, 1 left on base; Bethesda 4 - Billings 6
TOP OF THE 7TH
Bethesda Atoms batting - Pitching for Billings Polar Bears : RHP Michael Rice
Batting: RHB Lachlan Thurgood 0-0: Fly out, F4 (Popup, 34S, EV 72.5 MPH)
Batting: RHB Jack Plumb 0-0: Foul Ball, location: 2F
0-1: Ball
1-1: Fly out, F9 (Flyball, 89XD, EV 101.2 MPH)
Batting: LHB Vicente Torres 0-0: Ball
1-0: DOUBLE (Line Drive, 7LS, EV 101.9 MPH)
Batting: LHB Seung-jae Kyong 0-0: Ball
1-0: Called Strike
1-1: Fly out, F7 (Flyball, 7, EV 80.0 MPH)
Top of the 7th over - 0 runs, 1 hit, 0 errors, 1 left on base; Bethesda 4 - Billings 6
BOTTOM OF THE 7TH
Billings Polar Bears batting - Pitching for Bethesda Atoms : LHP Nicolas Alonso
Batting: RHB Jose Reginalde 0-0: Ball
1-0: Ball
2-0: Called Strike
2-1: Foul Ball, location: 2F
2-2: Fly out, F9 (Flyball, 9, EV 81.9 MPH)
Batting: RHB Gary Panniers 0-0: Ball
1-0: Ball
2-0: Ball
3-0: Called Strike
3-1: Base on Balls
Batting: LHB Stanley Bell 0-0: Foul Ball, location: 2F
0-1: Called Strike
0-2: Ball
1-2: Foul Ball, location: 2F
1-2: Fly out, F5 (Popup, 56S, EV 78.8 MPH)
Batting: RHB Pleun Vleugel 0-0: Ball
1-0: Swinging Strike
1-1: SINGLE (Line Drive, 3D, EV 106.9 MPH)
Gary Panniers to second
Pitching: RHP Eric O'Slattery
Batting: RHB Michael Mack 0-0: Ball
1-0: Called Strike
1-1: Ground out 5-3 (Groundball, 56S, EV 90.6 MPH)
Bottom of the 7th over - 0 runs, 1 hit, 0 errors, 2 left on base; Bethesda 4 - Billings 6
TOP OF THE 8TH
Bethesda Atoms batting - Pitching for Billings Polar Bears : RHP Michael Rice
Batting: LHB Ayub Kuthakwakulu 0-0: Called Strike
0-1: Ball
1-1: Ball
2-1: Called Strike
2-2: Foul Ball, location: 2F
2-2: Foul Ball, location: 2F
2-2: Fly out, F7 (Line Drive, 7S, EV 110.6 MPH)
Pitching: RHP Darrel Parker
Batting: LHB Mhelter Narcida 0-0: Ball
1-0: Swinging Strike
1-1: Fly out, F8 (Line Drive, 8RM, EV 110.6 MPH)
Batting: RHB Byron Shadix 0-0: Called Strike
0-1: Called Strike
0-2: Ball
1-2: Ball
2-2: Strikes out swinging
Top of the 8th over - 0 runs, 0 hits, 0 errors, 0 left on base; Bethesda 4 - Billings 6
BOTTOM OF THE 8TH
Billings Polar Bears batting - Pitching for Bethesda Atoms : RHP Eric O'Slattery
Batting: SHB Leonardo Rodríguez 0-0: Called Strike
0-1: Swinging Strike
0-2: Ground out 4-3 (Groundball, 4, EV 88.1 MPH)
Batting: RHB Shalom Gestel 0-0: Foul Ball, location: 2F
0-1: Ball
1-1: Swinging Strike
1-2: Strikes out swinging
Batting: RHB Rupert Bethune 0-0: SINGLE (Line Drive, 8RS, EV 113.1 MPH)
Batting: LHB Jorge Cruz 0-0: Ball
1-0: SINGLE (Flyball, 9S, EV 86.9 MPH)
Rupert Bethune to second
Runner from 2nd tries for 3rd, SAFE, throw by RF made to third
Batting: RHB Jose Reginalde 0-0: Ball
1-0: Swinging Strike
1-1: Called Strike
1-2: Strikes out swinging
Bottom of the 8th over - 0 runs, 2 hits, 0 errors, 2 left on base; Bethesda 4 - Billings 6
TOP OF THE 9TH
Bethesda Atoms batting - Pitching for Billings Polar Bears : RHP Darrel Parker
Pitching: RHP António Gallegos
Batting: RHB Scipione Borghese 0-0: Ball
1-0: Called Strike
1-1: Ball
2-1: Fly out, F9 (Flyball, 9D, EV 100.0 MPH)
Batting: RHB Anthony McGee 0-0: Ball
1-0: Foul Ball, location: 2F
1-1: Ball
2-1: Called Strike
2-2: Strikes out swinging
Batting: RHB Lachlan Thurgood 0-0: Called Strike
0-1: Ball
1-1: Ball
2-1: Foul Ball, location: 2F
2-2: Strikes out swinging
Top of the 9th over - 0 runs, 0 hits, 0 errors, 0 left on base; Bethesda 4 - Billings 6
Friday, March 26th, 2021 - OOTP Baseball 20.8 Build 74